 Dungeon Crawl Stone Soup version 0.32-a0-597-g8e3e136d6a (webtiles) character file.

Game seed: 11694754557762013964

296 mGoose the Ruffian (level 6, -5/61 HPs)
             Began as a Troll Berserker on Mar 2, 2024.
             Was a Believer of Trog.
             Killed by nerve-wracking pain
             ... invoked by an orc priest
              (9 damage)
             ... on level 4 of the Dungeon.
             The game lasted 00:25:20 (2849 turns).

mGoose the Ruffian (Troll Berserker)                Turns: 2849, Time: 00:25:21

Health: -5/61      AC:  4    Str: 28    XL:     6   Next: 12%
Magic:  5/5        EV: 10    Int:  3    God:    Trog [**....]
Gold:   196        SH:  5    Dex:  9    Spells: 5/5 levels left

rFire   . .          .
                       - Unarmed
rCold   . . .        (no shield)
rNeg    . . .        a - +0 animal skin
rPois   .            (helmet restricted)
rElec   .            (no cloak)
rCorr   .            (gloves unavailable)
SInv    .            (boots unavailable)
Will    .....        n - amulet of reflection
Stlth   +            (no ring)
HPRegen 1.10/turn    (no ring)
MPRegen 0.09/turn

%: reflection
@: lethally poisoned (-5 -> -6)
A: large, unfitting armour, claws 3, regeneration 1, shaggy fur 1, tough skin 1
a: Renounce Religion, Berserk, Trog's Hand


You were on level 4 of the Dungeon.
You worshipped Trog.
Trog was pleased with you.
You visited 1 branch of the dungeon, and saw 4 of its levels.

You collected 196 gold pieces.

Inventory:

Missiles
 j - 4 poisoned darts (quivered)
 k - 23 stones
Armour
 a - a +0 animal skin (worn)
Jewellery
 n - an amulet of reflection (around neck)
Scrolls
 c - 4 scrolls of teleportation {unknown}
 f - a scroll of immolation {unknown}
 g - 3 scrolls of enchant weapon {unknown}
 h - 2 scrolls of poison {unknown}
 i - a scroll of identify {unknown}
 l - a scroll of revelation {unknown}
 o - a scroll of brand weapon {unknown}
 q - a scroll of enchant armour {unknown}
 u - a scroll of fear {unknown}
Potions
 b - 2 potions of invisibility {unknown}
 d - a potion of haste {unknown}
 e - a potion of heal wounds {unknown}
 m - a potion of mutation {unknown}
 p - a potion of magic {unknown}
 r - a potion of degeneration {unknown}
 s - 2 potions of curing {unknown}
 t - 2 potions of lignification {unknown}


   Skills:
 + Level 3.2 Fighting
 + Level 3.7 Dodging
 + Level 0.2 Stealth
 + Level 0.5 Shields
 + Level 5.2 Unarmed Combat


You had 5 spell levels left.
You didn't know any spells.
Your spell library contained the following spells:

 Spells                   Type           Power      Damage    Failure   Level
 Sting                    Conj/Alch      0%         1d3       52%         1
 Mercury Vapours          Alch/Air       0%         N/A       67%         2
 Olgreb's Toxic Radiance  Alch           0%         N/A       99%         4


Dungeon Overview and Level Annotations

Branches:
Dungeon (4/15)
 Temple: D:4-7

Altars:
Makhleb
Wu Jian

Shops:
D:2 =   D:4 =


Innate Abilities, Weirdness & Mutations

You are too large for most types of armour.
You have claws for hands.
Your natural rate of healing is unusually fast.
You are covered in fur. (AC +1)
You have tough skin. (AC +1)


Message History

The orc shouts!
You scratch the orc.
The orc is almost dead.
You feel very sick. The orc hits you with a +0 dagger.
The orc hits you with the +9 dagger "Jibiah".
You are more poisoned.
You scratch the orc but do no damage.
The orc is almost dead.
You feel very sick.
You claw the orc!
You kill the orc!
Trog accepts your kill.
You feel very sick. The orc hits you with a +0 dagger.
* * * LOW HITPOINT WARNING * * *
A goblin comes into view. It is wielding a +0 dagger.
You scratch the orc.
The orc is lightly wounded.
You feel very sick. The orc hits you with a +0 hand axe.
* * * LOW HITPOINT WARNING * * *
You block the orc's attack.
You scratch the orc.
The orc is heavily wounded.
You feel sick. The orc misses you. The orc closely misses you.
You scratch the orc.
You kill the orc!
Trog accepts your kill.
You feel sick. The orc barely misses you.
You scratch the orc priest but do no damage.
You feel sick.
The orc priest hits you with a +0 dagger.
* * * LOW HITPOINT WARNING * * *
The orc hits you with a +0 dagger.
* * * LOW HITPOINT WARNING * * *
You barely miss the orc priest.
You feel sick.
The orc priest invokes the aid of Beogh against you.
Pain shoots through your body!
You die...

#.#.# #....... #...#
#....... #..# ####.###
#..# #.### ).. #...# #.#
#.... #.#########.#..
##.#######..)))....#....
....ogo@.....#####......
.#...#o#.#.#.# ###.###
#. #.#.#.#.# ##.###
......#.# #.....
.#.....#.# #...##
.)........# #...#
.###..#.#### #...# ##
#..#.# #...# #...#


You could see an orc priest, 2 orcs and a goblin.

Vanquished Creatures
  A black bear (D:4)
  A hound (D:4)
  A gnoll bouda (D:4)
  Terence (D:2)
  5 gnolls (D:4)
  3 adders
  A dart slug (D:4)
  6 orcs
  A bat (D:3)
  3 endoplasms (D:1)
  2 giant cockroaches
  2 hobgoblins
  3 kobolds
  5 quokkas
  5 ball pythons
  2 goblins
  3 rats
45 creatures vanquished.

Notes
Turn   | Place    | Note
-------+----------+-------------------------------------------
     0 | D:1      | mGoose the Troll Berserker began the quest for the Orb.
     0 | D:1      | Reached XP level 1. HP: 22/22 MP: 0/0
   291 | D:1      | Reached XP level 2. HP: 29/29 MP: 1/1
   969 | D:2      | Noticed Terence
   979 | D:2      | Killed Terence
   980 | D:2      | Reached XP level 3. HP: 25/36 MP: 2/2
  1521 | D:2      | Found Nymn's Jewellery Shoppe.
  1818 | D:3      | Found a faded altar of an unknown god.
  1839 | D:3      | Reached skill level 4 in Unarmed Combat
  1839 | D:3      | Reached XP level 4. HP: 44/44 MP: 3/3
  1843 | D:3      | Reached ** piety under Trog
  2244 | D:3      | Found an ornate altar of the Wu Jian Council.
  2248 | D:3      | Found a burning altar of Makhleb.
  2270 | D:3      | Identified the +3 chain mail of Vijugaham {Regen+ rCorr
                  | Int-4}
  2641 | D:4      | Noticed a black bear
  2650 | D:4      | Killed a black bear
  2651 | D:4      | Reached XP level 5. HP: 22/53 MP: 4/4
  2663 | D:4      | Found Mim Nong's Jewellery Shop.
  2807 | D:4      | Reached skill level 5 in Unarmed Combat
  2811 | D:4      | Reached XP level 6. HP: 57/61 MP: 5/5
  2834 | D:4      | Identified the +9 dagger "Jibiah" {venom, rF++ Dex+2}
  2849 | D:4      | Killed from afar by an orc priest

Illustrated notes

Levels and vault maps discovered:
D:1:      mrwooster_arrival_arrow, layout_rooms, hangedman_abyss_or_decor_stabs
D:2:      layout_loops_ring, serial_shops, shop, minmay_stone_trees_small,
          uniq_terence
D:3:      layout_loops_ring, grunt_temple_overflow_open,
          hellmonk_ecumenical_altar_pennies_from_heaven, nrook_mini_backslash
D:4:      black_bear_nest_1, layout_loops_cross, serial_shops, shop,
          cheibrodos_sewer_entry_bend, chequers_hall_statues_y

Skill      XL: |  1  2  3  4  5 |
---------------+----------------+-----
Dodging        | 3 |  3.7
Unarmed Combat | 4 5 |  5.2
Fighting       | 3 |  3.2
Stealth        | |  0.2
Shields        | |  0.5

Action                     |  1- 3 |  4- 6 || total
---------------------------+-------+-------++-------
  Melee: Unarmed           |    62 |    67 ||   129
 Armour: Animal skin       |    39 |    38 ||    77
  Dodge: Dodged            |    34 |    29 ||    63
  Block: Other             |     4 |    19 ||    23
         Reflection        |       |     1 ||     1

Table legend: (Time is in decaauts)
 A = Elapsed time spent in this place.
 B = Non-inter-level travel time spent in this place.
 C = Inter-level travel time spent in this place.
 D = Time resting spent in this place.
 E = Time spent auto-exploring this place.
 F = Levels seen in this place.
 G = Mean time per level.
                   A        B        C        D        E       F      G
               +--------+--------+--------+--------+--------+-----+--------+
         Total |   2838 |   2831 |      7 |      0 |    448 |   4 |  709.5 |
       Dungeon |   2838 |   2831 |      7 |      0 |    448 |   4 |  709.5 |
               +--------+--------+--------+--------+--------+-----+--------+

Top non-repeatable levels by time:
     D:3: 899 daAuts
     D:1: 856 daAuts
     D:2: 845 daAuts
     D:4: 236 daAuts
